AoeStats
← stanley177777

Arena

509589475Analyzed
4v4 RM · 5d ago on Sep 27, 2026· 54m 33s· 8 players
Game mode
Random Map
Map size
Large (8 player)
Population
200
Speed
Normal
Resources
Standard
Victory
Conquest
Starting age
Dark Age
Ending age
Imperial Age
RankedLock teamsTeams togetherTeam positionsShared explorationLock speedFull tech treeHidden civsTurbo modeCheats
Victory
Defeat
🇫🇷 Hindustanis · France
1103
+12
🇮🇹 Celts · Italy
1095
+12
🇹🇷 Khmer · Türkiye
1060
+14
🇨🇿 Italians · Czechia
994
+16
🇹🇼 Burgundians · Taiwan
1039
-15
🇮🇳 Magyars · India
1032
-14
🇮🇳 Bengalis · India
1005
-13
🇮🇳 Portuguese · India
960
-12
stanley177777
4:29 Double-Bit Axe
11:19 Feudal Age
15:11 Castle Age
15:07 Bow Saw
14:57 Horse Collar
18:12 Wheelbarrow
17:38 Gold Mining
18:34 Loom
20:27 Heavy Plow
25:34 Two-Man Saw
27:08 Husbandry
27:51 Hand Cart
28:50 Burgundian Vineyards
29:13 Fortified Wall
28:43 Treadmill Crane
29:31 Stone Mining
31:01 Forging
30:56 Scale Barding Armor
31:32 Stone Shaft Mining
31:32 Gold Shaft Mining
31:31 Crop Rotation
33:57 Imperial Age
34:05 Iron Casting
33:50 Chain Barding Armor
33:05 Light Cavalry
34:30 Masonry
34:05 Elite Coustillier
35:09 Conscription
36:45 Blast Furnace
36:20 Plate Barding Armor
36:25 Hussar
38:43 Squires
38:29 Arson
39:12 Pikeman
39:56 Scale Mail Armor
39:39 Halberdier
42:26 Chain Mail Armor
47:45 Ballistics
48:26 Chemistry
47:57 Architecture
47:22 Murder Holes
53:44 Flemish Revolution
syedatun
10:34 Feudal Age
14:36 Castle Age
14:08 Double-Bit Axe
16:43 Bow Saw
18:38 Horse Collar
19:52 Heavy Plow
22:21 Wheelbarrow
23:27 Hand Cart
23:48 Loom
23:49 Town Watch
26:25 Bloodlines
26:46 Scale Barding Armor
26:52 Forging
28:00 Light Cavalry
29:20 Iron Casting
29:06 Chain Barding Armor
33:31 Imperial Age
35:33 Conscription
39:36 Fletching
39:46 Padded Archer Armor
40:47 Blast Furnace
40:28 Elite Skirmisher
41:42 Bodkin Arrow
42:30 Crop Rotation
41:33 Onager
42:56 Ballistics
42:48 Fortified Wall
43:44 Two-Man Saw
43:39 Bracer
43:55 Leather Archer Armor
45:00 Plate Barding Armor
44:56 Ring Archer Armor
43:50 Elite Battle Elephant
squidkid
11:23 Feudal Age
15:24 Castle Age
14:13 Town Watch
14:24 Double-Bit Axe
14:28 Horse Collar
21:27 Wheelbarrow
22:55 Loom
26:58 Man-at-Arms
31:22 Long Swordsman
36:36 Imperial Age
35:43 Forging
35:33 Scale Mail Armor
36:22 Hand Cart
40:14 Imperial Age
38:04 Town Patrol
40:17 Iron Casting
39:58 Chain Mail Armor
39:07 Pikeman
41:02 Halberdier
45:06 Plate Mail Armor
45:36 Blast Furnace
45:54 Conscription
45:51 Two-Handed Swordsman
SgtNinja
7:54 Loom
10:42 Feudal Age
16:56 Castle Age
23:26 Wheelbarrow
24:59 Double-Bit Axe
31:29 Imperial Age
32:13 Bloodlines
32:04 Husbandry
31:38 Capped Ram
32:23 Cavalier
33:31 Scale Barding Armor
34:22 Horse Collar
34:55 Bow Saw
36:57 Onager
41:24 Town Watch
45:09 Light Cavalry
uselessplayer
11:51 Feudal Age
16:05 Castle Age
14:06 Double-Bit Axe
14:02 Horse Collar
19:52 Wheelbarrow
19:03 Loom
19:04 Town Watch
20:29 Bow Saw
20:25 Heavy Plow
23:03 Gold Mining
23:08 Stone Mining
29:32 Imperial Age
28:12 Hand Cart
31:29 Two-Man Saw
31:10 Gold Shaft Mining
31:12 Stone Shaft Mining
30:47 Scale Barding Armor
30:52 Forging
31:58 Chain Barding Armor
32:20 Husbandry
32:32 Bloodlines
33:19 Heavy Camel Rider
33:20 Light Cavalry
34:37 Plate Barding Armor
34:38 Iron Casting
35:08 Hussar
35:08 Imperial Camel Rider
37:26 Pikeman
38:06 Squires
39:09 Blast Furnace
38:10 Scale Mail Armor
39:51 Town Patrol
42:41 Fletching
43:13 Ballistics
42:58 Siege Engineers
43:04 Masonry
44:13 Caravan
48:17 Chemistry
47:18 Padded Archer Armor
47:14 Bodkin Arrow
51:39 Conscription
51:23 Shatagni
51:49 Leather Archer Armor
51:34 Bracer
55:06 Ring Archer Armor
Zuzujj
9:57 Feudal Age
14:13 Castle Age
13:00 Loom
13:20 Double-Bit Axe
13:17 Horse Collar
22:24 Town Watch
23:18 Wheelbarrow
22:41 Fletching
27:07 Bow Saw
26:52 Gold Mining
27:15 Bloodlines
27:07 Husbandry
31:24 Imperial Age
29:39 Bloodlines
29:30 Husbandry
32:03 Hand Cart
31:36 Town Watch
32:54 Light Cavalry
34:10 Ballistics
34:51 Chemistry
36:44 Thumb Ring
36:40 Bodkin Arrow
36:45 Padded Archer Armor
39:31 Hussar
39:41 Elite Genoese Crossbowman
42:32 Bracer
42:43 Forging
42:50 Leather Archer Armor
42:40 Scale Barding Armor
45:31 Ring Archer Armor
45:36 Iron Casting
hknarsln
12:07 Feudal Age
15:13 Castle Age
13:58 Double-Bit Axe
14:13 Horse Collar
20:17 Bow Saw
20:23 Heavy Plow
22:20 Loom
26:02 Wheelbarrow
26:14 Gold Mining
26:15 Stone Mining
28:14 Gold Shaft Mining
28:14 Stone Shaft Mining
31:13 Imperial Age
29:07 Ballistics
29:48 Masonry
29:11 Light Cavalry
30:36 Bloodlines
30:26 Husbandry
30:38 Scale Barding Armor
30:58 Hand Cart
32:05 Chain Barding Armor
31:57 Forging
31:49 Scale Mail Armor
32:10 Elite Ballista Elephant
33:14 Conscription
33:19 Double Crossbow
33:18 Hussar
34:23 Chain Barding Armor
34:49 Crop Rotation
35:58 Chemistry
35:50 Architecture
35:34 Siege Engineers
37:40 Plate Barding Armor
37:41 Iron Casting
38:50 Hoardings
fabio07deluca
11:57 Feudal Age
12:57 Horse Collar
13:03 Double-Bit Axe
13:16 Gold Mining
18:52 Castle Age
18:09 Scale Mail Armor
18:51 Forging
19:56 Bow Saw
19:58 Heavy Plow
21:35 Chain Mail Armor
21:30 Pikeman
23:16 Iron Casting
27:10 Wheelbarrow
30:55 Stone Mining
31:42 Gold Shaft Mining
32:58 Fortified Wall
33:56 Stone Shaft Mining
33:39 Loom
33:42 Town Watch
34:25 Hand Cart
38:48 Imperial Age
38:48 Murder Holes
39:05 Masonry
40:10 Plate Mail Armor
40:40 Blast Furnace
39:52 Guilds
39:06 Halberdier
39:08 Capped Ram
40:16 Town Patrol
41:11 Furor Celtica
41:23 Conscription
40:43 Siege Ram
43:38 Siege Engineers
50:28 Man-at-Arms
50:54 Gambesons
50:56 Arson
52:06 Long Swordsman
53:18 Two-Handed Swordsman
54:15 Champion
Connection lost

Rejoining the realm…

Still unreachable

The connection could not be restored.

Session expired

The server has moved on; the page needs a fresh start.